[Event "January 2 Early 2024"]
[Site "https://www.chess.com"]
[Date "2024.01.02"]
[Round "4"]
[White "Vachier-Lagrave, Maxime"]
[Black "Mitrabha, Guha"]
[Result "1-0"]
[Board "3"]
[TimeControl "180+1"]
[WhiteFideId "623539"]
[BlackFideId "5057000"]
[WhiteElo "3192"]
[BlackElo "2898"]
[WhiteTeam "FRA"]
[BlackTeam "IND"]
[WhiteClock "0:01:11"]
[BlackClock "0:01:23"]

1. e4 e6 2. d4 d5 3. Nc3 Bb4 4. exd5 exd5 5. Bd3 Nf6 6. Ne2 O-O 7. a3 Bd6 8. Nb5 Be7 9. Bf4 Na6 10. O-O c6 11. Nbc3 Nc7 12. h3 Re8 13. Qd2 Ne6 14. Be3 Bd6 15. Rae1 Bd7 16. f4 Nf8 17. f5 h6 18. Bf4 Qc7 19. Bxd6 Qxd6 20. Qf4 Qxf4 21. Nxf4 Rxe1 22. Rxe1 Re8 23. Re5 Bc8 24. Kf2 N8d7 25. Rxe8+ Nxe8 26. g4 Nd6 27. Kf3 Kf8 28. Nd1 Nf6 29. Ne3 b6 30. h4 a5 31. b3 Ke7 32. c4 dxc4 33. bxc4 c5 34. Ned5+ Kd8 35. Nxb6 cxd4 36. c5 Bb7+ 37. Ke2 Nde4 38. Bxe4 Nxe4 39. Kd3 Nf2+ 40. Kxd4 Nxg4 41. Nc4 a4 42. Nd6 Bc6 43. Nxf7+ Ke7 44. Ne5 Nxe5 45. Kxe5 Be8 46. Ne6 Kf7 47. c6 g6 48. fxg6+ Kxg6 49. c7 Bd7 50. Nf8+ 1-0

[Event "January 2 Early 2024"]
[Site "https://www.chess.com"]
[Date "2024.01.02"]
[Round "4"]
[White "Paravyan, David"]
[Black "Perez Ponsa, Federico"]
[Result "1-0"]
[Board "4"]
[TimeControl "180+1"]
[WhiteFideId "4194985"]
[BlackFideId "117927"]
[WhiteElo "3100"]
[BlackElo "2884"]
[WhiteTeam "FID"]
[BlackTeam "ARG"]
[WhiteClock "0:01:47"]
[BlackClock "0:00:28"]

1. e4 c5 2. Nf3 d6 3. d4 cxd4 4. Nxd4 Nf6 5. Nc3 a6 6. Be2 e5 7. Nb3 Be7 8. O-O O-O 9. Qd3 Nc6 10. a3 Be6 11. Be3 Rc8 12. Rfd1 Na5 13. Nxa5 Qxa5 14. Nd5 Nxd5 15. exd5 Bd7 16. b4 Qd8 17. c4 f5 18. f4 Bf6 19. Rac1 g5 20. fxg5 Bxg5 21. Bxg5 Qxg5 22. Qg3 Qxg3 23. hxg3 Ba4 24. Rf1 b6 25. c5 bxc5 26. Bxa6 Ra8 27. Bb7 Ra7 28. Bc6 cxb4 29. axb4 Rb8 30. Rxf5 Rxb4 31. Rg5+ Kh8 32. Bxa4 1-0

[Event "January 2 Early 2024"]
[Site "https://www.chess.com"]
[Date "2024.01.02"]
[Round "4"]
[White "Durarbayli, Vasif"]
[Black "Sadhwani, Raunak"]
[Result "0-1"]
[Board "5"]
[TimeControl "180+1"]
[WhiteFideId "13402935"]
[BlackFideId "35093487"]
[WhiteElo "2849"]
[BlackElo "3074"]
[WhiteTeam "AZE"]
[BlackTeam "IND"]
[WhiteClock "0:00:00"]
[BlackClock "0:00:38"]

1. e4 e5 2. Nf3 Nc6 3. Bb5 Nf6 4. d3 d6 5. c3 g6 6. O-O Bg7 7. h3 O-O 8. Be3 Bd7 9. Nbd2 a6 10. Ba4 h6 11. Re1 Re8 12. b4 Nh5 13. Bb3 Qf6 14. Qe2 Nf4 15. Qf1 g5 16. Nh2 h5 17. Bd1 Qg6 18. Rc1 f5 19. Kh1 g4 20. h4 Rf8 21. d4 fxe4 22. Bxf4 Rxf4 23. g3 Rff8 24. Nxe4 Bh6 25. Bb3+ Kh8 26. Rcd1 exd4 27. cxd4 Bf5 28. Bd5 Nxb4 29. Qc4 Nxd5 30. Qxd5 c6 0-1

[Event "January 2 Early 2024"]
[Site "https://www.chess.com"]
[Date "2024.01.02"]
[Round "4"]
[White "Caruana, Fabiano"]
[Black "Finek, Vaclav"]
[Result "1-0"]
[Board "6"]
[TimeControl "180+1"]
[WhiteFideId "2020009"]
[BlackFideId "23718293"]
[WhiteElo "3050"]
[BlackElo "2847"]
[WhiteTeam "USA"]
[BlackTeam "CZE"]
[WhiteClock "0:02:13"]
[BlackClock "0:00:11"]

1. e4 c5 2. Nf3 g6 3. c3 Bg7 4. d4 cxd4 5. cxd4 d5 6. e5 Nh6 7. h3 O-O 8. Nc3 f6 9. Bb5 Nf7 10. exf6 Bxf6 11. O-O e6 12. Re1 Bd7 13. Bf4 a6 14. Bxd7 Qxd7 15. Na4 Qb5 16. Rxe6 Bd8 17. Nc5 Nd7 18. a4 Nxc5 19. axb5 Nxe6 20. Be3 Nc7 21. bxa6 Rxa6 22. Rxa6 bxa6 23. Ne5 Be7 24. Qc2 Bd6 25. Qc6 Nb5 26. Qxd5 Bxe5 27. dxe5 Rd8 28. Qa2 Rd1+ 29. Kh2 Nc7 30. e6 Nd6 31. e7+ Kg7 32. Bf4 Nce8 33. Be5+ Kh6 34. Qg8 Re1 35. Qf8+ Kh5 36. g4+ Kh4 37. Bg3+ Kg5 38. f4# 1-0

[Event "January 2 Early 2024"]
[Site "https://www.chess.com"]
[Date "2024.01.02"]
[Round "4"]
[White "Mamedyarov, Shakhriyar"]
[Black "Bryakin, Mikhail"]
[Result "1-0"]
[Board "7"]
[TimeControl "180+1"]
[WhiteFideId "13401319"]
[BlackFideId "4165314"]
[WhiteElo "3041"]
[BlackElo "2839"]
[WhiteTeam "AZE"]
[BlackTeam "SRB"]
[WhiteClock "0:00:22"]
[BlackClock "0:00:03"]

1. d4 d5 2. c4 e6 3. Nf3 Nf6 4. Nc3 c5 5. cxd5 Nxd5 6. e4 Nxc3 7. bxc3 cxd4 8. cxd4 Bb4+ 9. Bd2 Bxd2+ 10. Qxd2 O-O 11. Bc4 Nd7 12. O-O b6 13. Rfe1 Bb7 14. Rad1 Rc8 15. Bb3 Qf6 16. h3 Rfd8 17. Qe3 h6 18. a4 Qe7 19. Qd2 a5 20. d5 Nc5 21. d6 Qf6 22. e5 Nxb3 23. Qe3 Qf5 24. Qxb3 Bxf3 25. Qxf3 Qxf3 26. gxf3 Rc6 27. Rc1 Rc5 28. Rxc5 bxc5 29. Kf1 f6 30. f4 g5 31. f5 Kf7 32. Kg2 c4 33. fxe6+ Kxe6 34. exf6+ Kxf6 35. Re4 Rxd6 36. Rxc4 Rd5 37. Rc6+ Kf5 38. Rb6 h5 39. Kg3 h4+ 40. Kg2 g4 41. Kh2 gxh3 42. Kxh3 Kf4 43. Kxh4 Kf3 44. Rf6+ Ke4 45. f4 Rd4 46. Kg5 Rxa4 47. f5 Ra1 48. Ra6 Rg1+ 49. Kh6 Rf1 50. f6 Ke5 51. Kg7 Rg1+ 52. Kf8 Rf1 53. f7 Kd5 54. Rxa5+ Ke6 55. Ra6+ Kd7 56. Ra2 Rf3 57. Re2 Rf1 58. Re5 Kd6 59. Re8 Kd7 60. Kg7 Rg1+ 61. Kh6 Rh1+ 62. Kg5 Rg1+ 63. Kh4 1-0

[Event "January 2 Early 2024"]
[Site "https://www.chess.com"]
[Date "2024.01.02"]
[Round "4"]
[White "Duda, Jan-Krzysztof"]
[Black "Gokerkan, Cem Kaan"]
[Result "1-0"]
[Board "8"]
[TimeControl "180+1"]
[WhiteFideId "1170546"]
[BlackFideId "6336760"]
[WhiteElo "3039"]
[BlackElo "2833"]
[WhiteTeam "POL"]
[BlackTeam "TUR"]
[WhiteClock "0:00:11"]
[BlackClock "0:00:00"]

1. e4 c5 2. Nf3 d6 3. d4 cxd4 4. Nxd4 Nf6 5. Nc3 e5 6. Bb5+ Nbd7 7. Nf5 a6 8. Bxd7+ Qxd7 9. Bg5 Nxe4 10. Nxg7+ Bxg7 11. Nxe4 O-O 12. Qxd6 f6 13. Qxd7 Bxd7 14. Bd2 Bc6 15. f3 Rfd8 16. O-O-O a5 17. Ng3 Kf7 18. Be3 b5 19. Rxd8 Rxd8 20. Rd1 Rc8 21. Nf5 Bf8 22. Nd6+ Bxd6 23. Rxd6 h5 24. Bb6 a4 25. Bd8 e4 26. Kd2 exf3 27. gxf3 f5 28. Ke3 b4 29. Rf6+ Kg7 30. Be7 Bd5 31. Rxf5 Bxa2 32. Bxb4 Rxc2 33. h4 Bf7 34. Rg5+ Kh7 35. Ba3 Rc4 36. Rf5 Bg6 37. Rb5 Rxh4 38. Rb7+ Kg8 39. Bc5 Rc4 40. Bd4 Bf7 41. Rb8+ Kh7 42. Rb7 Kg6 43. Rb6+ Kh7 44. Rf6 Kg8 45. Rh6 Kf8 46. f4 Rb4 47. f5 Rb3+ 48. Ke4 Rb5 49. Rh7 Ke7 50. Be5 Rb4+ 51. Ke3 Rb3+ 52. Kf4 Rb4+ 53. Kg5 Rg4+ 54. Kh6 h4 55. Rh8 h3 56. Rb8 h2 57. Rb7+ Ke8 58. Rb8+ Kd7 59. Bxh2 Rh4+ 60. Kg7 Bb3 61. Be5 Rg4+ 62. Kf6 Rc4 63. Rb7+ Ke8 64. Re7+ Kd8 65. Ra7 Rc6+ 66. Kg5 Rc5 67. Kf4 Rc4+ 68. Ke3 Bc2 69. Bf6+ Ke8 70. Ra5 Kf7 71. Bd4 Rb4 72. Ra7+ Ke8 73. f6 Bg6 74. Re7+ Kd8 75. Rg7 Bh5 76. f7 Bxf7 77. Rxf7 a3 78. bxa3 Rb3+ 79. Ke4 Rxa3 80. Kd5 Rd3 81. Rf4 Rd1 82. Kd6 Ke8 83. Ke6 Kd8 84. Be5 Kc8 85. Rb4 1-0

[Event "January 2 Early 2024"]
[Site "https://www.chess.com"]
[Date "2024.01.02"]
[Round "4"]
[White "Van Foreest, Lucas"]
[Black "Sarana, Alexey"]
[Result "0-1"]
[Board "9"]
[TimeControl "180+1"]
[WhiteFideId "1039792"]
[BlackFideId "24133795"]
[WhiteElo "2827"]
[BlackElo "3039"]
[WhiteTeam "NED"]
[BlackTeam "SRB"]
[WhiteClock "0:01:25"]
[BlackClock "0:02:26"]

1. e4 c5 2. Qg4 Nc6 3. Qg5 b6 4. Nf3 Bb7 5. c3 h6 6. Qg3 d6 7. Bb5 a6 8. Ba4 Nf6 9. d3 e5 10. Nh4 g6 11. O-O Be7 12. Nf3 Nh5 13. Qh3 b5 14. Bb3 Bc8 15. g4 Nf6 16. Qg3 Bxg4 17. Qg2 Qd7 18. Rd1 Bh3 19. Qg3 Nh5 0-1

[Event "January 2 Early 2024"]
[Site "https://www.chess.com"]
[Date "2024.01.02"]
[Round "4"]
[White "Klukin, Kirill"]
[Black "Xiong, Jeffery"]
[Result "0-1"]
[Board "10"]
[TimeControl "180+1"]
[WhiteFideId "24199273"]
[BlackFideId "2047640"]
[WhiteElo "2821"]
[BlackElo "3030"]
[WhiteTeam "RUS"]
[BlackTeam "USA"]
[WhiteClock "0:00:02"]
[BlackClock "0:00:42"]

1. d4 Nf6 2. Nf3 d5 3. c4 e6 4. Nc3 dxc4 5. e3 a6 6. Bxc4 b5 7. Be2 Bb7 8. O-O Nbd7 9. b3 c5 10. Bb2 Bd6 11. a4 b4 12. Nb1 O-O 13. Nbd2 a5 14. Nc4 Be7 15. Nfe5 cxd4 16. Nxd7 Nxd7 17. Bxd4 Nc5 18. Bxc5 Bxc5 19. Bf3 Bd5 20. Rc1 Rc8 21. Qe2 Qc7 22. Rfd1 Rfd8 23. Bxd5 exd5 24. Nb2 Qe7 25. Qf3 Qe6 26. g3 h6 27. Kg2 f5 28. Nd3 Bd6 29. Nf4 Bxf4 30. Qxf4 Rc3 31. Qd4 Rdc8 32. Rb1 R8c5 33. Rb2 Kf7 34. Rbd2 Kg6 35. Rd3 Qe4+ 36. Qxe4 dxe4 37. Rd6+ Kh7 38. Rd7 Rxb3 39. R1d6 Rc2 40. g4 Rbb2 41. Ra6 Rxf2+ 42. Kg3 Rf3+ 43. Kh4 Rxh2# 0-1

[Event "January 2 Early 2024"]
[Site "https://www.chess.com"]
[Date "2024.01.02"]
[Round "4"]
[White "De Winter, Arthur"]
[Black "Svane, Frederik"]
[Result "0-1"]
[Board "11"]
[TimeControl "180+1"]
[WhiteFideId "1069020"]
[BlackFideId "12923044"]
[WhiteElo "2809"]
[BlackElo "3027"]
[WhiteTeam "NED"]
[BlackTeam "GER"]
[WhiteClock "0:01:42"]
[BlackClock "0:01:17"]

1. e4 c5 2. Nf3 e6 3. b3 d6 4. Bb2 Nc6 5. d4 cxd4 6. Nxd4 Nf6 7. Bd3 g6 8. O-O Bg7 9. Nxc6 bxc6 10. c4 O-O 11. Nd2 c5 12. Qe2 Bb7 13. Rfd1 Qb6 14. e5 Nd7 15. f4 dxe5 16. fxe5 Qc7 17. Re1 Rad8 18. Be4 Nxe5 19. Bxb7 Qxb7 20. Ne4 Qc6 21. Nxc5 Qxc5+ 0-1

[Event "January 2 Early 2024"]
[Site "https://www.chess.com"]
[Date "2024.01.02"]
[Round "4"]
[White "Khripachenko, Alexander"]
[Black "Salem, A.R. Saleh"]
[Result "1/2-1/2"]
[Board "12"]
[TimeControl "180+1"]
[WhiteFideId "54184975"]
[BlackFideId "9301348"]
[WhiteElo "2799"]
[BlackElo "3018"]
[WhiteTeam "FID"]
[BlackTeam "UAE"]
[WhiteClock "0:00:07"]
[BlackClock "0:00:04"]

1. e4 e5 2. Nf3 Nc6 3. Bb5 a6 4. Ba4 Nf6 5. O-O Be7 6. Re1 b5 7. Bb3 O-O 8. d3 d6 9. c3 Bb7 10. d4 h6 11. Nbd2 Re8 12. Nf1 Bf8 13. Ng3 exd4 14. cxd4 Na5 15. Bc2 c5 16. Bf4 cxd4 17. Qxd4 Rc8 18. Qd3 Nc4 19. b3 Na3 20. Rac1 d5 21. e5 Ne4 22. Nxe4 dxe4 23. Qxd8 Rexd8 24. Bxe4 Rxc1 25. Bxc1 Bb4 26. Bd2 Bxd2 27. Nxd2 Rxd2 28. Bxb7 Rxa2 29. g3 Nc2 30. Re2 Ra1+ 31. Kg2 Nd4 32. Rd2 Ne6 33. b4 a5 34. bxa5 Rxa5 35. Rd5 g5 36. Bc6 Nc7 37. Rc5 Kg7 38. Bd7 Ra7 39. Bxb5 Ne6 40. Rc6 Ra5 41. Bc4 Rxe5 42. Bxe6 fxe6 43. Rc7+ Kg6 44. g4 h5 45. h3 hxg4 46. hxg4 Re4 47. Kg3 Re1 48. Ra7 Kf6 49. Ra5 1/2-1/2

[Event "January 2 Early 2024"]
[Site "https://www.chess.com"]
[Date "2024.01.02"]
[Round "4"]
[White "Zemlyanskii, Ivan"]
[Black "Krzyzanowski, Marcin"]
[Result "1-0"]
[Board "13"]
[TimeControl "180+1"]
[WhiteFideId "24249971"]
[BlackFideId "1132199"]
[WhiteElo "3009"]
[BlackElo "2790"]
[WhiteTeam "RUS"]
[BlackTeam "POL"]
[WhiteClock "0:00:15"]
[BlackClock "0:00:03"]

1. d4 Nf6 2. c4 e6 3. Bf4 b6 4. Nc3 Bb7 5. e3 Bb4 6. Ne2 Ne4 7. Qc2 f5 8. a3 Be7 9. Rd1 d6 10. d5 e5 11. Nxe4 exf4 12. Nxf4 fxe4 13. Ne6 Qd7 14. Nxg7+ Kf7 15. Ne6 Na6 16. Be2 Rag8 17. Bh5+ Rg6 18. b4 Bf6 19. Qxe4 Re8 20. f4 Rxe6 21. dxe6+ Qxe6 22. Bxg6+ hxg6 23. Qxb7 Qxe3+ 24. Kf1 Qxf4+ 25. Qf3 Qxc4+ 26. Kf2 Kg7 27. Rhe1 Bd4+ 28. Kg3 Be5+ 29. Rxe5 dxe5 30. Rd7+ Kh6 31. Qf8+ Kh5 32. Rh7+ Kg5 33. h4+ Qxh4+ 34. Rxh4 1-0

[Event "January 2 Early 2024"]
[Site "https://www.chess.com"]
[Date "2024.01.02"]
[Round "4"]
[White "Vaibhav Jayant Raut"]
[Black "Svane, Rasmus"]
[Result "0-1"]
[Board "14"]
[TimeControl "180+1"]
[WhiteFideId "5089034"]
[BlackFideId "4657101"]
[WhiteElo "2739"]
[BlackElo "2996"]
[WhiteTeam "IND"]
[BlackTeam "GER"]
[WhiteClock "0:00:08"]
[BlackClock "0:00:17"]

1. e4 c6 2. Nc3 d5 3. Nf3 dxe4 4. Nxe4 Nf6 5. Qe2 Nxe4 6. Qxe4 Qa5 7. Bc4 Bf5 8. Qf4 e6 9. O-O Be7 10. d3 O-O 11. Bd2 Qd8 12. Bc3 Nd7 13. a4 Nb6 14. Bb3 Nd5 15. Bxd5 Qxd5 16. Rfe1 Rac8 17. a5 Rfe8 18. Qg3 Bg6 19. Ne5 Bf6 20. Ra4 Qd8 21. Rd4 Qc7 22. Rd7 Qb8 23. Nxg6 Qxg3 24. hxg3 hxg6 25. Rxb7 Re7 26. Rb3 Rd7 27. Bxf6 gxf6 28. Re4 Rd5 29. Ra4 Rb5 30. a6 Rxb3 31. cxb3 Rb8 32. b4 Kf8 33. Kf1 Ke7 34. Ke2 Kd6 35. Kd2 Rh8 36. Ra1 Rh2 37. Rg1 Kc7 38. Kc3 Kb6 39. Kc4 Rh5 40. Ra1 Re5 41. Rh1 Re2 42. Rh7 Rxb2 43. Rxf7 Rc2+ 44. Kb3 Rxf2 45. Rg7 g5 46. Re7 e5 47. Re6 Rxg2 48. Rxf6 Rxg3 49. Kc4 Rg4+ 50. Kc3 Rg1 51. Re6 g4 52. Rxe5 g3 53. Rg5 Kxa6 54. Kb2 Kb6 55. Kc3 Kc7 56. Kd4 g2 57. Ke3 Re1+ 58. Kf2 g1=Q+ 59. Rxg1 Rxg1 60. Kxg1 Kb6 61. Kf2 Kb5 62. Ke3 Kxb4 63. Kd4 a5 64. Ke5 a4 65. d4 a3 66. d5 cxd5 67. Kd6 a2 0-1

[Event "January 2 Early 2024"]
[Site "https://www.chess.com"]
[Date "2024.01.02"]
[Round "4"]
[White "Tarhan, Adar"]
[Black "Vokhidov, Shamsiddin"]
[Result "0-1"]
[Board "16"]
[TimeControl "180+1"]
[WhiteFideId "34544712"]
[BlackFideId "14204223"]
[WhiteElo "2718"]
[BlackElo "2981"]
[WhiteTeam "TUR"]
[BlackTeam "UZB"]
[WhiteClock "0:00:03"]
[BlackClock "0:01:38"]

1. e4 c5 2. Nf3 e6 3. d4 cxd4 4. Nxd4 Nc6 5. Nc3 Qc7 6. Be3 a6 7. Qf3 h5 8. Qg3 Ne5 9. h4 Nf6 10. Bf4 d6 11. O-O-O Bd7 12. Kb1 Rc8 13. Bd3 b5 14. Rhe1 b4 15. Nce2 a5 16. Nc1 Nxd3 17. Qxd3 e5 18. Nb5 Qb6 19. Nxd6+ Qxd6 20. Qe2 Qc7 21. Bg3 Be7 22. Nd3 Bb5 23. Qd2 Nd7 24. Nxe5 Nxe5 25. Qd5 Qxc2+ 26. Ka1 Be2 27. Rb1 Nd3 28. Qb5+ Kf8 29. Qd7 Nxe1 0-1

[Event "January 2 Early 2024"]
[Site "https://www.chess.com"]
[Date "2024.01.02"]
[Round "4"]
[White "Santos Latasa, Jaime"]
[Black "Kuzhylnyi, Oleksandr"]
[Result "1-0"]
[Board "18"]
[TimeControl "180+1"]
[WhiteFideId "2293307"]
[BlackFideId "34110500"]
[WhiteElo "2945"]
[BlackElo "2667"]
[WhiteTeam "ESP"]
[BlackTeam "UKR"]
[WhiteClock "0:00:14"]
[BlackClock "0:00:05"]

1. Nf3 d5 2. e3 Nf6 3. c4 c6 4. Nc3 e6 5. Qc2 Bd6 6. b3 O-O 7. Bb2 b6 8. Rg1 Na6 9. g4 Nb4 10. Qb1 e5 11. g5 Nh5 12. a3 e4 13. axb4 exf3 14. Qd1 d4 15. Ne4 dxe3 16. Qxf3 exd2+ 17. Kd1 Re8 18. Bd3 Be5 19. Bxe5 Rxe5 20. Ra2 Bf5 21. Rxd2 Qe7 22. Nf6+ Nxf6 23. Bxf5 Ne4 24. Bxe4 Rxe4 25. Kc2 Re8 26. Rgd1 Qxb4 27. Rd8 a5 28. Qxe4 1-0

[Event "January 2 Early 2024"]
[Site "https://www.chess.com"]
[Date "2024.01.02"]
[Round "4"]
[White "Kovalev, Vladislav"]
[Black "Manukyan, Sargis A."]
[Result "1-0"]
[Board "19"]
[TimeControl "180+1"]
[WhiteFideId "13504398"]
[BlackFideId "13303970"]
[WhiteElo "2935"]
[BlackElo "2641"]
[WhiteTeam "FID"]
[BlackTeam "ARM"]
[WhiteClock "0:01:21"]
[BlackClock "0:01:55"]

1. e4 c5 2. Nf3 d6 3. Bb5+ Bd7 4. Bxd7+ Qxd7 5. c4 Nc6 6. Nc3 Nf6 7. d4 cxd4 8. Nxd4 g6 9. f3 Bg7 10. Be3 O-O 11. Rc1 Rfd8 12. O-O e6 13. Qd2 d5 14. exd5 exd5 15. Nxc6 bxc6 16. cxd5 Nxd5 17. Nxd5 Qxd5 18. Qxd5 cxd5 19. b3 d4 20. Bd2 a5 21. Rc4 Rdc8 22. Rfc1 Re8 23. Kf2 d3 24. Re1 Rxe1 25. Kxe1 Re8+ 26. Kd1 Re2 27. Rc8+ Bf8 28. Bh6 1-0

[Event "January 2 Early 2024"]
[Site "https://www.chess.com"]
[Date "2024.01.02"]
[Round "4"]
[White "Domingo Nunez, Ruben"]
[Black "Donchenko, Alexander"]
[Result "0-1"]
[Board "20"]
[TimeControl "180+1"]
[WhiteFideId "22245570"]
[BlackFideId "24603295"]
[WhiteElo "2636"]
[BlackElo "2925"]
[WhiteTeam "ESP"]
[BlackTeam "GER"]
[WhiteClock "0:00:03"]
[BlackClock "0:01:36"]

1. b3 Nf6 2. Bb2 g6 3. Nf3 Bg7 4. g3 O-O 5. Bg2 a5 6. a4 d5 7. O-O c6 8. d3 Na6 9. Re1 Nb4 10. c3 Na6 11. Qc2 Bg4 12. Nbd2 Qc7 13. h3 Bxf3 14. Nxf3 e5 15. e4 dxe4 16. dxe4 Rfd8 17. Ba3 Bf8 18. Bxf8 Kxf8 19. Qc1 Kg7 20. Nh4 h6 21. Qe3 Qd6 22. Red1 Qc5 23. Qe1 Qb6 24. Bf1 Nc5 25. Qe3 Rxd1 26. Rxd1 Qxb3 27. Rc1 Nxa4 28. Nf3 Qb6 29. Qe1 Qc7 30. Qe3 b6 31. Bc4 Nc5 32. Nd2 a4 33. f4 Re8 34. f5 Rd8 35. fxg6 fxg6 36. Rf1 Qd6 37. Nf3 Ncxe4 38. Kh2 Qc5 39. Qe2 Nxc3 40. Qf2 Qxc4 41. Nxe5 Qe6 42. Re1 Nce4 43. Qf4 Rd2+ 44. Kg1 Rf2 0-1

[Event "January 2 Early 2024"]
[Site "https://www.chess.com"]
[Date "2024.01.02"]
[Round "4"]
[White "Corrales Jimenez, Fidel"]
[Black "Kuzmin, Roman"]
[Result "1-0"]
[Board "21"]
[TimeControl "180+1"]
[WhiteFideId "3506690"]
[BlackFideId "44134932"]
[WhiteElo "2923"]
[BlackElo "2613"]
[WhiteTeam "USA"]
[BlackTeam "RUS"]
[WhiteClock "0:02:15"]
[BlackClock "0:00:00"]

1. e4 c5 2. Nf3 d6 3. d4 cxd4 4. Nxd4 Nf6 5. Nc3 a6 6. Bg5 e6 7. Qf3 h6 8. Bd2 Qc7 9. O-O-O b5 10. a3 Bb7 11. g4 Nbd7 12. Bg2 Ne5 13. Qg3 Nc4 14. h4 Nd7 15. g5 1-0

[Event "January 2 Early 2024"]
[Site "https://www.chess.com"]
[Date "2024.01.02"]
[Round "4"]
[White "Fedoseev, Vladimir"]
[Black "Lima, Kleyton Alcantara"]
[Result "1-0"]
[Board "23"]
[TimeControl "180+1"]
[WhiteFideId "24130737"]
[BlackFideId "22718397"]
[WhiteElo "3030"]
[BlackElo "2611"]
[WhiteTeam "SLO"]
[BlackTeam "BRA"]
[WhiteClock "0:01:08"]
[BlackClock "0:00:31"]

1. Nf3 c5 2. e3 Nf6 3. b3 g6 4. Bb2 Bg7 5. c4 O-O 6. Be2 b6 7. d4 d6 8. d5 Bg4 9. Nbd2 Nbd7 10. O-O a6 11. a4 Re8 12. h3 Bxf3 13. Nxf3 Nf8 14. Qc2 e5 15. dxe6 Nxe6 16. Rfd1 Qc7 17. Nh2 Rad8 18. a5 d5 19. axb6 Qxb6 20. cxd5 Nxd5 21. Bxg7 Kxg7 22. Qb2+ Kg8 23. Ng4 h5 24. Nh6+ Kh7 25. Nxf7 Rd7 26. Rxa6 Qb8 27. Rxe6 Rxf7 28. Rxe8 Qxe8 29. Rxd5 1-0

[Event "January 2 Early 2024"]
[Site "https://www.chess.com"]
[Date "2024.01.02"]
[Round "4"]
[White "Vakhlamov, Igor L."]
[Black "Meier, Georg"]
[Result "0-1"]
[Board "24"]
[TimeControl "180+1"]
[WhiteFideId "24126748"]
[BlackFideId "4675789"]
[WhiteElo "2807"]
[BlackElo "3015"]
[WhiteTeam "RUS"]
[BlackTeam "URU"]
[WhiteClock "0:00:00"]
[BlackClock "0:00:13"]

1. e4 e6 2. d4 d5 3. Nc3 dxe4 4. Nxe4 Nd7 5. Nf3 Ngf6 6. Nxf6+ Nxf6 7. g3 b6 8. Bb5+ Bd7 9. Be2 Bc6 10. O-O Bd6 11. Ne5 Bxe5 12. dxe5 Qd5 13. Qxd5 Nxd5 14. a3 O-O-O 15. c4 Ne7 16. Bg5 Rhe8 17. Rfd1 Rxd1+ 18. Rxd1 Ng6 19. Bh5 Nxe5 20. c5 Nf3+ 21. Bxf3 Bxf3 22. Rc1 f6 23. Be3 Kb7 24. cxb6 axb6 25. h3 h5 26. Rc4 e5 27. Rc2 g5 28. Rd2 Re6 29. Rd3 g4 30. h4 Rc6 31. Rc3 Rd6 32. Rc1 Rd3 33. Kf1 c5 34. Ke1 Ka6 35. Bd2 Kb5 36. Rc3 Rd4 37. Rb3+ Kc6 38. Rc3 f5 39. Rc1 f4 40. Bc3 Rd5 41. Bd2 fxg3 42. fxg3 Rd3 43. Rc3 Rd4 44. Rc1 e4 45. Be3 Rd3 46. Kf2 Rb3 47. Rc2 Kb5 48. Bf4 Rd3 49. Rd2 Ka4 50. Rxd3 exd3 51. Ke3 Kb3 52. Kxd3 Kxb2 53. Kc4 Be2+ 54. Kd5 Kxa3 55. Kc6 c4 56. Kxb6 c3 57. Kc5 Kb2 58. Kd4 c2 59. Ke5 Bb5 60. Kf6 c1=Q 61. Bxc1+ Kxc1 62. Kf7 Kd2 63. Kg6 Be8+ 64. Kg7 Ke3 65. Kf8 Kf3 66. Kxe8 Kxg3 67. Kf7 Kxh4 68. Kg6 g3 69. Kf5 g2 70. Kf4 g1=Q 71. Kf3 Qg3+ 72. Ke4 Qf2 73. Kd3 Qe1 74. Kd4 Qe2 75. Kc3 Qd1 0-1

[Event "January 2 Early 2024"]
[Site "https://www.chess.com"]
[Date "2024.01.02"]
[Round "4"]
[White "Bartel, Mateusz"]
[Black "Bluebaum, Matthias"]
[Result "0-1"]
[Board "25"]
[TimeControl "180+1"]
[WhiteFideId "1112635"]
[BlackFideId "24651516"]
[WhiteElo "2804"]
[BlackElo "3007"]
[WhiteTeam "POL"]
[BlackTeam "GER"]
[WhiteClock "0:00:19"]
[BlackClock "0:01:07"]

1. d4 d5 2. Bf4 c5 3. e3 Nc6 4. c3 e6 5. Nf3 Bd6 6. Bg3 Nge7 7. Bd3 O-O 8. Nbd2 cxd4 9. exd4 f6 10. Qb1 h6 11. O-O Bxg3 12. hxg3 e5 13. Bc2 e4 14. Nh2 f5 15. f4 Be6 16. Qe1 Rc8 17. Rf2 b5 18. Ndf1 b4 19. Ne3 bxc3 20. bxc3 Qa5 21. Bb3 Rc7 22. g4 Rfc8 23. gxf5 Nxf5 24. Nxf5 Bxf5 25. Nf1 Ne7 26. Ne3 Rxc3 27. Nxf5 Nxf5 28. Qxe4 Rc1+ 29. Rxc1 Rxc1+ 30. Kh2 Rh1+ 31. Kxh1 Ng3+ 0-1

[Event "January 2 Early 2024"]
[Site "https://www.chess.com"]
[Date "2024.01.02"]
[Round "4"]
[White "Kramnik, Vladimir"]
[Black "Gabrielian, Artur"]
[Result "1-0"]
[Board "26"]
[TimeControl "180+1"]
[WhiteFideId "4101588"]
[BlackFideId "4131002"]
[WhiteElo "2982"]
[BlackElo "2803"]
[WhiteTeam "RUS"]
[BlackTeam "RUS"]
[WhiteClock "0:01:07"]
[BlackClock "0:00:00"]

1. c4 Nf6 2. Nc3 g6 3. g3 Bg7 4. Bg2 O-O 5. d3 d6 6. Rb1 a5 7. a3 e5 8. b4 axb4 9. axb4 c6 10. b5 d5 11. bxc6 bxc6 12. cxd5 cxd5 13. Bg5 Be6 14. Nf3 Nbd7 15. O-O Rc8 16. Nb5 h6 17. Bd2 Rb8 18. Qa4 d4 19. Ba5 Ra8 20. Bxd8 Rxa4 21. Be7 Rc8 22. Bxf6 Bxf6 23. Rfc1 Rxc1+ 24. Rxc1 Kg7 25. Nc7 Ra7 26. Nxe6+ fxe6 27. Bh3 Kf7 28. Rc6 Nf8 29. Nd2 Bd8 30. Ne4 Bc7 31. Bg4 h5 32. Ng5+ Ke7 33. Bxe6 Nxe6 34. Rxe6+ Kd7 35. Rxg6 Ra1+ 36. Kg2 Re1 37. Kf3 1-0

[Event "January 2 Early 2024"]
[Site "https://www.chess.com"]
[Date "2024.01.02"]
[Round "4"]
[White "Molina, Roberto Junio Brito"]
[Black "Bok, Benjamin"]
[Result "1/2-1/2"]
[Board "27"]
[TimeControl "180+1"]
[WhiteFideId "2109450"]
[BlackFideId "1017063"]
[WhiteElo "2803"]
[BlackElo "2948"]
[WhiteTeam "BRA"]
[BlackTeam "NED"]
[WhiteClock "0:00:05"]
[BlackClock "0:00:02"]

1. d4 Nf6 2. c4 e6 3. Nf3 b6 4. g3 Ba6 5. Qa4 Bb7 6. Bg2 c5 7. O-O cxd4 8. Nxd4 Bxg2 9. Kxg2 Qc7 10. Nc3 Be7 11. Bg5 O-O 12. Rfd1 Rc8 13. Rac1 a6 14. Bxf6 Bxf6 15. Ne4 Bxd4 16. Rxd4 d5 17. Ng5 h6 18. Nf3 b5 19. Qc2 bxc4 20. b3 Nc6 21. Rg4 Ne5 22. Nxe5 Qxe5 23. bxc4 Rab8 24. Qd3 Rb2 25. e3 Rxa2 26. Qd4 Qxd4 27. Rxd4 Ra5 28. e4 dxc4 29. Rdxc4 Rxc4 30. Rxc4 g5 31. g4 Kg7 32. Rc7 Ra3 33. f3 a5 34. Ra7 a4 35. Kg3 Ra2 36. h4 e5 37. Ra6 a3 38. hxg5 hxg5 39. Ra5 f6 40. Ra7+ Kg6 41. Ra8 Ra1 42. Ra7 Ra2 43. Kh3 Kh6 44. Kg3 Kg6 1/2-1/2

[Event "January 2 Early 2024"]
[Site "https://www.chess.com"]
[Date "2024.01.02"]
[Round "4"]
[White "NevorLegov"]
[Black "Kosteniuk, Alexandra"]
[Result "1-0"]
[Board "28"]
[TimeControl "180+1"]
[BlackFideId "4128125"]
[WhiteElo "2937"]
[BlackElo "2770"]
[BlackTeam "SUI"]
[WhiteClock "0:00:23"]
[BlackClock "0:00:00"]

1. d4 f5 2. g3 Nf6 3. Bg2 g6 4. c4 Bg7 5. Nf3 O-O 6. O-O d6 7. Nc3 a5 8. b3 e5 9. dxe5 dxe5 10. Ba3 Qxd1 11. Rfxd1 Re8 12. Nd5 Nxd5 13. cxd5 Na6 14. Rac1 Bd7 15. e3 h6 16. Bf1 b5 17. Bb2 Ra7 18. Ne1 e4 19. Bxg7 Kxg7 20. Nc2 Nb4 21. Nxb4 axb4 22. Rd4 Re5 23. Rc5 Kf6 24. Bxb5 Bxb5 25. Rxb5 Rxa2 26. Rc5 Re7 27. Rxb4 Rd7 28. Rd4 Rb2 29. b4 Kg5 30. Kg2 h5 31. h4+ Kf6 32. Rc6+ Kg7 33. Rc5 Kf6 34. Kf1 Kg7 35. Kg1 Kf6 36. Rdc4 Rd6 37. Rxc7 Rb1+ 38. Kg2 Ke5 39. Re7+ Kf6 40. Rec7 Rxd5 41. R4c6+ 1-0